General information
- name: BNet
- type: Ladder team game (AT/RT)
- host: Battle.net
- saver: paranoiddroid
map: UpperKingdom
- players: 6
- length: 19:17
- speed: Fast
- version: 1.23 W3XP
- replay type: Public
» download(117 KB)
Players
team 1 (winner)
Griphix (
pink | 46 APM | 895 actions | 19:16)
7 Far Seer
3 Feral Spirit
3 Chain Lighting
1 Earth Quake
» actions
| Assign group hotkey | 18 | |
| Basic commands | 175 | |
| Build / train | 76 | |
| Enter build submenu | 17 | |
| Enter hero's abilities submenu | 7 | |
| Remove unit from queue | 1 | |
| Right click | 100 | |
| Select / deselect | 252 | |
| Select group hotkey | 172 | |
| Use ability | 77 | |
895 total
» units
| Peon | 14 | |
| Grunt | 16 | |
| Shaman | 7 | |
| Troll Witch Doctor | 6 | |
| Troll Headhunter/Berserker | 3 | |
46 total
» upgrades
| Spiked Barricades | 1 | |
| Armor | 1 | |
| Melee Weapons | 1 | |
| Berserker Strength | 1 | |
| Shaman Training | 2 | |
| Witch Doctor Training | 2 | |
| Berserker Upgrade | 1 | |
| Troll Regeneration | 1 | |
| Ranged Weapons | 1 | |
11 total
» buildings
| Altar of Storms | 1 | |
| Orc Burrow | 6 | |
| War Mill | 1 | |
| Barracks | 1 | |
| Voodoo Lounge | 1 | |
| Watch Tower | 3 | |
| Stronghold | 1 | |
| Spirit Lodge | 2 | |
| Fortress | 1 | |
| Great Hall | 1 | |
18 total
» build order
00:06 Altar of Storms
00:08 Orc Burrow
00:49 War Mill
01:18 Barracks
02:09 Orc Burrow
02:26 Voodoo Lounge
03:05 Watch Tower
03:56 Watch Tower
06:01 Stronghold
06:05 Orc Burrow
06:14 Orc Burrow
07:42 Orc Burrow
08:29 Spirit Lodge
08:37 Spirit Lodge
08:42 Fortress
09:45 Great Hall
12:38 Orc Burrow
17:29 Watch Tower
» items
| Scroll of Regeneration | 2 | |
| Healing Salve | 2 | |
| Lesser Clarity Potion | 1 | |
| Scroll of Town Portal | 1 | |
6 total
Bada_Bing (
orange | 48 APM | 916 actions | 19:15)
7 Blademaster
3 Wind Walk
3 Critical Strike
1 Bladestorm
4 Tauren Chieftain
2 Endurance Aura
2 War Stomp
» actions
| Assign group hotkey | 13 | |
| Basic commands | 64 | |
| Build / train | 75 | |
| Enter build submenu | 17 | |
| Enter hero's abilities submenu | 11 | |
| Give item / drop item | 4 | |
| Remove unit from queue | 2 | |
| Right click | 442 | |
| Select / deselect | 222 | |
| Select group hotkey | 16 | |
| Use ability | 50 | |
916 total
» units
| Peon | 18 | |
| Grunt | 5 | |
| Shaman | 3 | |
| Tauren | 9 | |
| Spirit Walker | 2 | |
37 total
» upgrades
| Melee Weapons | 3 | |
| Shaman Training | 2 | |
| Berserker Strength | 1 | |
| Armor | 2 | |
| Pulverize | 1 | |
| Spirit Walker Training | 2 | |
11 total
» buildings
| Altar of Storms | 1 | |
| Orc Burrow | 8 | |
| Barracks | 1 | |
| Voodoo Lounge | 1 | |
| Stronghold | 1 | |
| Great Hall | 1 | |
| War Mill | 1 | |
| Spirit Lodge | 2 | |
| Fortress | 1 | |
| Tauren Totem | 2 | |
19 total
» build order
00:22 Altar of Storms
00:30 Orc Burrow
01:23 Barracks
01:34 Voodoo Lounge
01:47 Orc Burrow
04:06 Stronghold
04:11 Orc Burrow
04:36 Great Hall
05:09 War Mill
06:19 Orc Burrow
06:49 Spirit Lodge
07:56 Fortress
10:25 Orc Burrow
10:37 Tauren Totem
10:43 Tauren Totem
11:31 Orc Burrow
13:11 Spirit Lodge
13:29 Orc Burrow
17:49 Orc Burrow
» items
| Healing Salve | 2 | |
| Lesser Clarity Potion | 1 | |
| Potion of Healing | 4 | |
| Orb of Lightning | 2 | |
| Potion of Mana | 1 | |
10 total

»
paranoiddroid (
teal | 61 APM | 1167 actions | 19:17)
6 Archmage
3 Summon Water Elemental
2 Brilliance Aura
1 Mass Teleport
» actions
| Assign group hotkey | 6 | |
| Basic commands | 5 | |
| Build / train | 46 | |
| Enter build submenu | 22 | |
| Enter hero's abilities submenu | 6 | |
| Give item / drop item | 1 | |
| Right click | 691 | |
| Select / deselect | 305 | |
| Select group hotkey | 22 | |
| Use ability | 62 | |
1167 total
» units
| Peasant | 5 | |
| Footman | 5 | |
| Rifleman | 12 | |
| Priest | 6 | |
28 total
» upgrades
| Gunpowder | 1 | |
| Armor | 1 | |
| Masonry | 1 | |
| Priest Training | 2 | |
| Long Rifles | 1 | |
6 total
» buildings
| Altar of Kings | 2 | |
| Farm | 8 | |
| Barracks | 2 | |
| Lumber Mill | 1 | |
| Arcane Vault | 1 | |
| Blacksmith | 1 | |
| Keep | 1 | |
| Scout Tower | 3 | |
| Guard Tower | 1 | |
| Castle | 1 | |
| Arcane Sanctum | 2 | |
23 total
» build order
00:06 Altar of Kings
00:06 Altar of Kings
00:09 Farm
00:52 Barracks
00:55 Farm
01:14 Lumber Mill
02:30 Arcane Vault
02:55 Blacksmith
04:12 Farm
04:16 Farm
04:55 Farm
04:59 Barracks
07:48 Farm
07:49 Farm
08:50 Keep
09:39 Scout Tower
09:41 Scout Tower
09:42 Scout Tower
10:11 Guard Tower
11:34 Castle
11:39 Arcane Sanctum
11:42 Arcane Sanctum
13:08 Farm
» items
team 2 (loser)

»
lyine (
green | 88 APM | 1703 actions | 19:15)
4 Blademaster
1 Wind Walk
2 Critical Strike
1 Mirror Image
3 Shadow Hunter
2 Healing Wave
1 Hex
» actions
| Assign group hotkey | 17 | |
| Basic commands | 186 | |
| Build / train | 55 | |
| ESC pressed | 1 | |
| Enter build submenu | 20 | |
| Enter hero's abilities submenu | 7 | |
| Give item / drop item | 1 | |
| Right click | 449 | |
| Select / deselect | 331 | |
| Select group hotkey | 582 | |
| Use ability | 54 | |
1703 total
» units
| Peon | 14 | |
| Grunt | 1 | |
| Troll Headhunter/Berserker | 5 | |
| Tauren | 9 | |
29 total
» upgrades
| Melee Weapons | 1 | |
| Troll Regeneration | 1 | |
| Pillage | 1 | |
| Pulverize | 1 | |
4 total
» buildings
| Altar of Storms | 2 | |
| Orc Burrow | 8 | |
| Voodoo Lounge | 1 | |
| War Mill | 1 | |
| Barracks | 1 | |
| Watch Tower | 1 | |
| Stronghold | 1 | |
| Fortress | 2 | |
| Tauren Totem | 2 | |
| Great Hall | 1 | |
20 total
» build order
00:07 Altar of Storms
00:11 Orc Burrow
00:50 Voodoo Lounge
01:15 Orc Burrow
01:43 War Mill
02:34 Barracks
03:58 Watch Tower
04:00 Stronghold
04:07 Orc Burrow
06:32 Fortress
07:16 Orc Burrow
07:56 Orc Burrow
08:58 Tauren Totem
09:03 Tauren Totem
10:11 Orc Burrow
11:39 Great Hall
17:23 Orc Burrow
17:52 Orc Burrow
18:42 Altar of Storms
» items
| Healing Salve | 2 | |
| Lesser Clarity Potion | 2 | |
| Scroll of Speed | 1 | |
| Orb of Lightning | 1 | |
| Potion of Healing | 1 | |
7 total

»
cinkz (
blue | 104 APM | 1987 actions | 19:11)
5 Demon Hunter
3 Evasion
2 Mana Burn
4 Keeper of the Grove
2 Entangling Roots
2 Thorns Aura
» actions
| Assign group hotkey | 20 | |
| Basic commands | 274 | |
| Build / train | 67 | |
| ESC pressed | 1 | |
| Enter build submenu | 17 | |
| Enter hero's abilities submenu | 9 | |
| Give item / drop item | 3 | |
| Right click | 563 | |
| Select / deselect | 368 | |
| Select group hotkey | 593 | |
| Use ability | 72 | |
1987 total
» units
| Wisp | 20 | |
| Archer | 8 | |
| Chimaera | 10 | |
| Faerie Dragon | 6 | |
44 total
» upgrades
| Improved Bows | 1 | |
| Strength of the Wild | 1 | |
| Corrosive Breath | 1 | |
| Druid of the Talon Training | 1 | |
4 total
» buildings
| Moon Well | 7 | |
| Ancient of War | 1 | |
| Altar of Elders | 1 | |
| Tree of Ages | 1 | |
| Hunter's Hall | 1 | |
| Ancient Protector | 2 | |
| Tree of Eternity | 1 | |
| Ancient of Wind | 1 | |
| Chimaera Roost | 2 | |
| Tree of Life | 1 | |
| Ancient of Wonders | 1 | |
19 total
» build order
00:24 Moon Well
00:50 Ancient of War
01:12 Altar of Elders
01:29 Moon Well
02:01 Moon Well
03:07 Tree of Ages
03:42 Hunter's Hall
05:24 Ancient Protector
05:28 Moon Well
06:06 Tree of Eternity
06:10 Ancient of Wind
06:54 Moon Well
07:24 Moon Well
08:34 Chimaera Roost
08:41 Chimaera Roost
09:24 Tree of Life
10:30 Moon Well
11:57 Ancient Protector
13:41 Ancient of Wonders
» items
| Orb of Lightning | 1 | |
| Potion of Healing | 3 | |
| Scroll of Town Portal | 1 | |
| Orb of Venom | 1 | |
6 total

»
o.O0.o (
yellow | 25 APM | 478 actions | 19:11)
4 Death Knight
1 Death Coil
2 Unholy Aura
1 Death Pact
» actions
| Assign group hotkey | 10 | |
| Basic commands | 24 | |
| Build / train | 56 | |
| Enter build submenu | 14 | |
| Enter hero's abilities submenu | 4 | |
| Right click | 82 | |
| Select / deselect | 163 | |
| Select group hotkey | 77 | |
| Use ability | 48 | |
478 total
» units
| Acolyte | 5 | |
| Ghoul | 4 | |
| Crypt Fiend | 4 | |
| Obsidian Statue | 6 | |
| Necromancer | 6 | |
| Banshee | 2 | |
| Gargoyle | 2 | |
| Meatwagon | 2 | |
31 total
» upgrades
| Unholy Armor | 1 | |
| Creature Carapace | 1 | |
| Creature Attack | 1 | |
| Unholy Strength | 1 | |
| Cannibalize | 1 | |
| Web | 1 | |
| Burrow | 1 | |
| Skeletal Longevity | 1 | |
| Necromancer Training | 2 | |
| Banshee Training | 1 | |
| Destroyer Form | 1 | |
| Skeletal Mastery | 1 | |
| Exhume Corpses | 1 | |
14 total
» buildings
| Ziggurat | 5 | |
| Altar of Darkness | 1 | |
| Graveyard | 1 | |
| Nerubian Tower | 3 | |
| Crypt | 2 | |
| Spirit Tower | 1 | |
| Halls of the Dead | 1 | |
| Slaughterhouse | 1 | |
| Sacrificial Pit | 1 | |
| Tomb of Relics | 1 | |
| Temple of the Damned | 1 | |
| Black Citadel | 1 | |
19 total
» build order
00:12 Ziggurat
00:24 Altar of Darkness
00:50 Graveyard
01:09 Ziggurat
01:14 Nerubian Tower
01:57 Crypt
02:15 Crypt
02:33 Spirit Tower
03:58 Ziggurat
05:20 Halls of the Dead
05:26 Nerubian Tower
08:02 Slaughterhouse
08:39 Sacrificial Pit
09:03 Ziggurat
09:18 Tomb of Relics
10:15 Temple of the Damned
10:21 Ziggurat
11:33 Black Citadel
11:47 Nerubian Tower
Chat log
(00:13 / Allies) Bada_Bing: clear and early expo
(00:22 / Allies) Griphix: damn we might not win this one
(00:25 / Allies) paranoiddroid: WHY
(00:29 / Allies) paranoiddroid: why*
(00:31 / Allies) Griphix: your stats para
(00:34 / Allies) paranoiddroid: yeah
(00:37 / Allies) Griphix: 5-14 jesus
(00:37 / Allies) paranoiddroid: i know :/
(00:55 / Allies) Bada_Bing: u wanna help me clear teal?
(00:59 / Allies) paranoiddroid: uhh sure
(02:00 / Allies) Bada_Bing: u good teal?
(02:07 / Allies) paranoiddroid: i'll be honest, not really
(02:12 / Allies) Bada_Bing: i go melee and shamen pink
(02:16 / Allies) Griphix: just check his stats jesus
(02:24 / Allies) Bada_Bing: u good pink?
(02:44 / Allies) Griphix: doesn't matter if teal can't pull his weight
(04:45 / Allies) Bada_Bing: teal ain't that bad
(05:01 / Allies) Bada_Bing: looks good to me
(06:45 / Allies) Griphix: use your fucking gold teal
(06:47 / Allies) Griphix: that's your problem
(09:03 / Allies) Griphix: pull back teal
(09:05 / Allies) Griphix: heal your units
(10:11 / Allies) Griphix: stay with me teal
(11:22 / Allies) Griphix: come
(12:01 / Allies) Griphix: unit
(12:06 / Allies) paranoiddroid: lol :D
(12:35 / Allies) Bada_Bing: u guys clear middle???
(12:41 / Allies) Griphix: no they did
(12:50 / Allies) Griphix: stay together
(13:15 / Allies) Griphix: let's test the water
(13:24 / Allies) Griphix: oj come
(13:37 / Allies) Griphix: back oj afk
(15:03 / Allies) Griphix: push
(15:50 / Allies) Griphix: gj guys
(15:56 / Allies) Griphix: you're good at following orders teal
(16:05 / Allies) paranoiddroid: i just need to practice
(16:07 / Allies) paranoiddroid: i used to be pro
(16:10 / Allies) paranoiddroid: but i quit for a long ass time
(16:13 / Allies) paranoiddroid: its coming back now
(17:02 / Allies) paranoiddroid: nice shamans btw
(17:04 / Allies) paranoiddroid: they rock D:
(17:11 / Allies) Griphix: :)
(18:47 / Allies) Griphix: push teal
(18:48 / Allies) Griphix: don't b
(18:53 / Allies) paranoiddroid: archmage down
(19:00 / Allies) Griphix: rez
(19:04 / Allies) paranoiddroid: i am